TOP OF THE 1ST |
Hillsboro Hops batting - Pitching for Williamsport Crosscutters : LHP Pat Palazzolo
|
Pitching: LHP Pat Palazzolo
|
|
Batting: RHB Yasuo Nakata
|
0-0: Ball 1-0: Ball 2-0: Called Strike 2-1: Swinging Strike 2-2: Foul Ball, location: 2F 2-2: Strikes out swinging
|
Batting: RHB Larry Hardman
|
0-0: Called Strike 0-1: Ball 1-1: Ball 2-1: Ball 3-1: Base on Balls
|
Batting: RHB Edgar Garcia
|
0-0: Called Strike Larry Hardman is caught stealing 2nd base 2-4 0-1: Foul Ball, location: 2F 0-2: Ball 1-2: DOUBLE (Groundball, 5L, EV 100.6 MPH)
|
Batting: RHB Chris Bittner
|
0-0: Foul Ball, location: 2F 0-1: Ground out 6-3 (Groundball, 56, EV 104.4 MPH)
|
Top of the 1st over - 0 runs, 1 hit, 0 errors, 1 left on base; Hillsboro 0 - Williamsport 0 |
BOTTOM OF THE 1ST |
Williamsport Crosscutters batting - Pitching for Hillsboro Hops : RHP Mike Stover
|
Pitching: RHP Mike Stover
|
|
Batting: RHB Prabhukumar Santhanakrishnan
|
0-0: Foul Ball, location: 2F 0-1: Ball 1-1: DOUBLE (Flyball, 8LD, EV 83.8 MPH)
|
Batting: RHB Alan Weller
|
0-0: Called Strike 0-1: Ball 1-1: Called Strike 1-2: Ball 2-2: Reached on error, E3 (Groundball, 34, EV 76.2 MPH) Prabhukumar Santhanakrishnan to third
|
Batting: LHB Tsuneharu Nishimura
|
0-0: Called Strike Alan Weller steals 2nd base 0-1: Called Strike 0-2: Ball 1-2: Ball 2-2: Strikes out swinging
|
Batting: SHB Benjamin Brown
|
0-0: Fly out, F6 (Flyball, 56D, EV 81.9 MPH)
|
Batting: RHB Matt McDevitt
|
0-0: Ball 1-0: Ball 2-0: Foul Ball, location: 2F 2-1: Ball 3-1: Foul Ball, location: 2F 3-2: Fly out, F7 (Flyball, 7LS, EV 86.9 MPH)
|
Bottom of the 1st over - 0 runs, 1 hit, 1 error, 2 left on base; Hillsboro 0 - Williamsport 0 |
TOP OF THE 2ND |
Hillsboro Hops batting - Pitching for Williamsport Crosscutters : LHP Pat Palazzolo
|
Batting: RHB Jeremy Coffey
|
0-0: Ball 1-0: Ground out 4-3 (Groundball, 4, EV 106.2 MPH)
|
Batting: SHB Mike Kiefer
|
0-0: Foul Ball, location: 2F 0-1: Ball 1-1: Ball 2-1: Swinging Strike 2-2: Strikes out swinging
|
Batting: RHB Trevor Corey
|
0-0: Ball 1-0: SINGLE (Line Drive, 4D, EV 98.8 MPH)
|
Batting: RHB Jeremy Adams
|
0-0: Ball 1-0: Ball 2-0: Ball 3-0: Base on Balls Trevor Corey to second
|
Batting: RHB Brandon Joshua
|
0-0: Foul Ball, location: 2F 0-1: Ball 1-1: Foul Ball, location: 2F 1-2: Ground out 4-3 (Groundball, 34, EV 102.5 MPH)
|
Top of the 2nd over - 0 runs, 1 hit, 0 errors, 2 left on base; Hillsboro 0 - Williamsport 0 |
BOTTOM OF THE 2ND |
Williamsport Crosscutters batting - Pitching for Hillsboro Hops : RHP Mike Stover
|
Batting: RHB Moritake Fukumoto
|
0-0: Called Strike 0-1: Ground out 6-3 (Groundball, 6S, EV 80.6 MPH)
|
Batting: RHB Ken Gadberry
|
0-0: Called Strike 0-1: DOUBLE (Line Drive, 78D, EV 106.9 MPH)
|
Batting: SHB Jeff Echt
|
0-0: Ball 1-0: Called Strike 1-1: Swinging Strike 1-2: Ball 2-2: Ball 3-2: Base on Balls
|
Batting: RHB Jimmy Misener
|
0-0: Called Strike 0-1: Ball 1-1: Ball 2-1: Ball 3-1: Foul Ball, location: 2F 3-2: Fly out, F9 (Flyball, 9S, EV 86.2 MPH)
|
Batting: RHB Prabhukumar Santhanakrishnan
|
0-0: Ball 1-0: Called Strike 1-1: Foul Ball, location: 2F 1-2: Foul Ball, location: 2F 1-2: Strikes out swinging
|
Bottom of the 2nd over - 0 runs, 1 hit, 0 errors, 2 left on base; Hillsboro 0 - Williamsport 0 |
TOP OF THE 3RD |
Hillsboro Hops batting - Pitching for Williamsport Crosscutters : LHP Pat Palazzolo
|
Batting: RHB Yasuo Nakata
|
0-0: Swinging Strike 0-1: Ball 1-1: Ball 2-1: Ball 3-1: Ground out 5-3 (Groundball, 56S, EV 87.5 MPH)
|
Batting: RHB Larry Hardman
|
0-0: Foul Ball, location: 2F 0-1: Foul Ball, location: 2F 0-2: SINGLE (Groundball, 6MS, EV 65.6 MPH) (infield hit)
|
Batting: RHB Edgar Garcia
|
0-0: Called Strike 0-1: Ball 1-1: Foul Ball, location: 2F 1-2: Ball 2-2: Ball 3-2: Strikes out swinging Larry Hardman is caught stealing 2nd base 2-4 Batter strikes out.
|
Top of the 3rd over - 0 runs, 1 hit, 0 errors, 0 left on base; Hillsboro 0 - Williamsport 0 |
BOTTOM OF THE 3RD |
Williamsport Crosscutters batting - Pitching for Hillsboro Hops : RHP Mike Stover
|
Batting: RHB Alan Weller
|
0-0: Called Strike 0-1: Ball 1-1: Ball 2-1: Swinging Strike 2-2: Strikes out swinging, 2-3 out at first.
|
Batting: LHB Tsuneharu Nishimura
|
0-0: Foul Ball, location: 2F 0-1: DOUBLE (Line Drive, 7D, EV 100.6 MPH)
|
Batting: SHB Benjamin Brown
|
0-0: Ball 1-0: Called Strike 1-1: Foul Ball, location: 2F 1-2: Ground out 4-3 (Groundball, 4, EV 83.1 MPH) Tsuneharu Nishimura to third
|
Batting: RHB Matt McDevitt
|
0-0: Called Strike 0-1: Ball 1-1: Ball 2-1: Foul Ball, location: 2F 2-2: Ball 3-2: Strikes out swinging
|
Bottom of the 3rd over - 0 runs, 1 hit, 0 errors, 1 left on base; Hillsboro 0 - Williamsport 0 |
TOP OF THE 4TH |
Hillsboro Hops batting - Pitching for Williamsport Crosscutters : LHP Pat Palazzolo
|
Batting: RHB Chris Bittner
|
0-0: Swinging Strike 0-1: Ball 1-1: Swinging Strike 1-2: Strikes out swinging
|
Batting: RHB Jeremy Coffey
|
0-0: Swinging Strike 0-1: Swinging Strike 0-2: Ball 1-2: Ball 2-2: Ball 3-2: Foul Ball, location: 2F 3-2: Strikes out looking
|
Batting: SHB Mike Kiefer
|
0-0: Ball 1-0: Called Strike 1-1: Ball 2-1: Swinging Strike 2-2: Strikes out swinging
|
Top of the 4th over - 0 runs, 0 hits, 0 errors, 0 left on base; Hillsboro 0 - Williamsport 0 |
BOTTOM OF THE 4TH |
Williamsport Crosscutters batting - Pitching for Hillsboro Hops : RHP Mike Stover
|
Batting: RHB Moritake Fukumoto
|
0-0: Ball 1-0: Fly out, F7 (Flyball, 7S, EV 86.2 MPH)
|
Batting: RHB Ken Gadberry
|
0-0: Ball 1-0: Ball 2-0: Ball 3-0: Base on Balls
|
Batting: SHB Jeff Echt
|
0-0: Ball 1-0: Called Strike 1-1: Called Strike 1-2: Fielders Choice at 2nd, 3-6 (Groundball, 34, EV 83.1 MPH)
|
Batting: RHB Jimmy Misener
|
0-0: Called Strike 0-1: Ball 1-1: Fielders Choice at 2nd, 5-4 (Groundball, 56, EV 85.6 MPH)
|
Bottom of the 4th over - 0 runs, 0 hits, 0 errors, 1 left on base; Hillsboro 0 - Williamsport 0 |
TOP OF THE 5TH |
Hillsboro Hops batting - Pitching for Williamsport Crosscutters : LHP Pat Palazzolo
|
Batting: RHB Trevor Corey
|
0-0: Called Strike 0-1: Ball 1-1: Foul Ball, location: 2F 1-2: Fly out, F8 (Line Drive, 8RM, EV 93.1 MPH)
|
Batting: RHB Jeremy Adams
|
0-0: Foul Ball, location: 2F 0-1: Swinging Strike 0-2: Strikes out swinging
|
Batting: RHB Brandon Joshua
|
0-0: Foul Ball, location: 2F 0-1: SINGLE (Groundball, 56D, EV 95.0 MPH)
|
Batting: RHB Yasuo Nakata
|
0-0: Called Strike 0-1: Ball Wild Pitch! Brandon Joshua to second 1-1: Foul Ball, location: 2F 1-2: Ball 2-2: Strikes out swinging
|
Top of the 5th over - 0 runs, 1 hit, 0 errors, 1 left on base; Hillsboro 0 - Williamsport 0 |
BOTTOM OF THE 5TH |
Williamsport Crosscutters batting - Pitching for Hillsboro Hops : RHP Mike Stover
|
Batting: RHB Prabhukumar Santhanakrishnan
|
0-0: Fly out, F4 (Popup, 4, EV 55.6 MPH)
|
Batting: RHB Alan Weller
|
0-0: Ball 1-0: Called Strike 1-1: Ball 2-1: Foul Ball, location: 2F 2-2: Fly out, F8 (Flyball, 89M, EV 71.9 MPH)
|
Batting: LHB Tsuneharu Nishimura
|
0-0: Called Strike 0-1: Swinging Strike 0-2: Ball 1-2: Ball 2-2: Ball 3-2: Foul Ball, location: 2F 3-2: Fly out, F9 (Flyball, 9D, EV 104.4 MPH)
|
Bottom of the 5th over - 0 runs, 0 hits, 0 errors, 0 left on base; Hillsboro 0 - Williamsport 0 |
TOP OF THE 6TH |
Hillsboro Hops batting - Pitching for Williamsport Crosscutters : LHP Pat Palazzolo
|
Batting: RHB Larry Hardman
|
0-0: Ball 1-0: Foul Ball, location: 2F 1-1: Called Strike 1-2: Foul Ball, location: 2F 1-2: Fly out, F5 (Popup, 56S, EV 81.9 MPH)
|
Batting: RHB Edgar Garcia
|
0-0: Called Strike 0-1: Ball 1-1: Swinging Strike 1-2: Foul Ball, location: 2F 1-2: Ground out 6-3 (Groundball, 6, EV 110.6 MPH)
|
Batting: RHB Chris Bittner
|
0-0: Ball 1-0: Ball 2-0: Fly out, F7 (Line Drive, 7, EV 84.4 MPH)
|
Top of the 6th over - 0 runs, 0 hits, 0 errors, 0 left on base; Hillsboro 0 - Williamsport 0 |
BOTTOM OF THE 6TH |
Williamsport Crosscutters batting - Pitching for Hillsboro Hops : RHP Mike Stover
|
Pitching: LHP Eric Dennis
|
|
Batting: SHB Benjamin Brown
|
0-0: Ball 1-0: Called Strike 1-1: Ground out 1-3 (Groundball, 34S, EV 70.0 MPH)
|
Batting: RHB Matt McDevitt
|
0-0: Ball 1-0: Called Strike 1-1: Called Strike 1-2: Ball 2-2: Strikes out swinging
|
Batting: RHB Moritake Fukumoto
|
0-0: Ball 1-0: Foul Ball, location: 2F 1-1: Ground out 5-3 (Groundball, 56, EV 79.4 MPH)
|
Bottom of the 6th over - 0 runs, 0 hits, 0 errors, 0 left on base; Hillsboro 0 - Williamsport 0 |
TOP OF THE 7TH |
Hillsboro Hops batting - Pitching for Williamsport Crosscutters : LHP Pat Palazzolo
|
Batting: RHB Jeremy Coffey
|
0-0: Ball 1-0: Swinging Strike 1-1: Foul Ball, location: 2F 1-2: Ball 2-2: Ball 3-2: Strikes out looking
|
Pitching: RHP Marty Nieves
|
|
Batting: SHB Mike Kiefer
|
0-0: Foul Ball, location: 2F 0-1: Foul Ball, location: 2F 0-2: Fly out, F8 (Flyball, 8LD, EV 86.9 MPH)
|
Batting: RHB Trevor Corey
|
0-0: Called Strike 0-1: Ball 1-1: Ball 2-1: Ground out U3 (Groundball, 34S, EV 86.2 MPH)
|
Top of the 7th over - 0 runs, 0 hits, 0 errors, 0 left on base; Hillsboro 0 - Williamsport 0 |
BOTTOM OF THE 7TH |
Williamsport Crosscutters batting - Pitching for Hillsboro Hops : LHP Eric Dennis
|
Batting: RHB Ken Gadberry
|
0-0: Called Strike 0-1: Called Strike 0-2: Ball 1-2: Ball 2-2: Foul Ball, location: 2F 2-2: Foul Ball, location: 2F 2-2: Ball 3-2: SINGLE (Line Drive, 6MD, EV 98.8 MPH)
|
Batting: SHB Jeff Echt
|
0-0: Swinging Strike 0-1: Ball 1-1: SINGLE (Groundball, 6MD, EV 101.2 MPH) Ken Gadberry to second Runner from 2nd tries for 3rd, SAFE, throw by CF made to third
|
Batting: RHB Jimmy Misener
|
0-0: Ball 1-0: Ground out 6-3 (Groundball, 6MS, EV 88.1 MPH) Jeff Echt to second
|
Batting: RHB Prabhukumar Santhanakrishnan
|
0-0: Called Strike 0-1: SINGLE (Groundball, 6D, EV 100.0 MPH) Ken Gadberry scores Jeff Echt to third Runner from 3rd tries for Home, SAFE, throw by CF to home
|
Pitching: RHP Scott Dobrowolski
|
|
Batting: RHB Alan Weller
|
0-0: Called Strike Prabhukumar Santhanakrishnan steals 2nd base 0-1: Swinging Strike 0-2: Ball 1-2: Ball Wild Pitch! Prabhukumar Santhanakrishnan to third 2-2: Foul Ball, location: 2F 2-2: Strikes out swinging
|
Pitching: LHP Jonathan O'Donnell
|
|
Batting: LHB Tsuneharu Nishimura
|
0-0: Ball 1-0: Foul Ball, location: 2F 1-1: Called Strike 1-2: Strikes out swinging
|
Bottom of the 7th over - 2 runs, 3 hits, 0 errors, 1 left on base; Hillsboro 0 - Williamsport 2 |
TOP OF THE 8TH |
Hillsboro Hops batting - Pitching for Williamsport Crosscutters : RHP Marty Nieves
|
Batting: RHB Jeremy Adams
|
0-0: Called Strike 0-1: Ball 1-1: Ball 2-1: Swinging Strike 2-2: Ball 3-2: Foul Ball, location: 2F 3-2: Base on Balls
|
Batting: RHB Brandon Joshua
|
0-0: Ball 1-0: Foul Ball, location: 2F 1-1: Swinging Strike 1-2: Foul Ball, location: 2F 1-2: Foul Ball, location: 2F 1-2: Ball 2-2: Strikes out swinging
|
Batting: RHB Yasuo Nakata
|
0-0: Ball 1-0: Swinging Strike 1-1: Foul Ball, location: 2F 1-2: Strikes out looking
|
Batting: RHB Larry Hardman
|
0-0: Ball 1-0: Fly out, F7 (Line Drive, 7, EV 93.1 MPH)
|
Top of the 8th over - 0 runs, 0 hits, 0 errors, 1 left on base; Hillsboro 0 - Williamsport 2 |
BOTTOM OF THE 8TH |
Williamsport Crosscutters batting - Pitching for Hillsboro Hops : LHP Jonathan O'Donnell
|
Pitching: RHP Manuel Maldonado
|
|
Batting: SHB Benjamin Brown
|
0-0: Called Strike 0-1: Ball 1-1: Called Strike 1-2: Foul Ball, location: 2F 1-2: Ball 2-2: Foul Ball, location: 2F 2-2: Foul Ball, location: 2F 2-2: Ball 3-2: Base on Balls
|
Batting: RHB Matt McDevitt
|
0-0: Ball Benjamin Brown steals 2nd base 1-0: Called Strike 1-1: Swinging Strike 1-2: Ball 2-2: Ground out 5-3 (Groundball, 56S, EV 66.9 MPH) Benjamin Brown to third
|
Batting: RHB Moritake Fukumoto
|
0-0: Ball 1-0: Called Strike 1-1: Ball 2-1: Foul Ball, location: 2F 2-2: Ball 3-2: 2-RUN HOME RUN (Flyball, 7D, EV 94.4 MPH), Distance : 361 ft
|
Batting: RHB Ken Gadberry
|
0-0: Called Strike 0-1: Called Strike 0-2: Ball 1-2: Ball 2-2: Foul Ball, location: 2F 2-2: Strikes out swinging
|
Batting: SHB Jeff Echt
|
0-0: Foul Ball, location: 2F 0-1: Ball 1-1: Fly out, F8 (Flyball, 8RS, EV 81.2 MPH)
|
Bottom of the 8th over - 2 runs, 1 hit, 0 errors, 0 left on base; Hillsboro 0 - Williamsport 4 |
TOP OF THE 9TH |
Hillsboro Hops batting - Pitching for Williamsport Crosscutters : RHP Marty Nieves
|
Pitching: LHP Victor Villarreal
|
|
Batting: RHB Edgar Garcia
|
0-0: Ball 1-0: Ball 2-0: Ball 3-0: Base on Balls
|
Batting: RHB Chris Bittner
|
0-0: Called Strike 0-1: Called Strike 0-2: Ball 1-2: Foul Ball, location: 2F 1-2: Ball 2-2: Fly out, F8 (Line Drive, 8RM, EV 91.2 MPH)
|
Batting: RHB Jeremy Coffey
|
0-0: Ball 1-0: Foul Ball, location: 2F 1-1: Grounds out, U3 (Groundball, 3L, EV 93.1 MPH)
|
Batting: SHB Mike Kiefer
|
0-0: Foul Ball, location: 2F 0-1: Ball 1-1: Called Strike 1-2: Foul Ball, location: 2F 1-2: Ball 2-2: Ball 3-2: Base on Balls
|
Pitching: RHP Dou-guan Ti
|
|
Batting: RHB Trevor Corey
|
0-0: Foul Ball, location: 2F 0-1: Ball 1-1: Foul Ball, location: 2F 1-2: Strikes out swinging
|
Top of the 9th over - 0 runs, 0 hits, 0 errors, 2 left on base; Hillsboro 0 - Williamsport 4 |
|